 Dungeon Crawl Stone Soup version 0.22-a0-42-g002c468 (webtiles) character file.

14 sagitran the Firebug (level 2, -1/20 HPs)
             Began as a Hill Orc Fire Elementalist on Jan 5, 2018.
             Slain by a gnoll (7 damage)
             ... on level 1 of the Dungeon.
             The game lasted 00:00:44 (300 turns).

sagitran the Firebug (Hill Orc Fire Elementalist)    Turns: 300, Time: 00:00:45

Health: -1/20      AC:  2    Str: 10    XL:     2   Next: 41%
Magic:  2/4        EV: 12    Int: 15    God:
Gold:   25         SH:  0    Dex: 11    Spells: 1/4 levels left

rFire    . . .     SeeInvis .   d - +0 dagger
rCold    . . .     Gourm    .   (no shield)
rNeg     . . .     Faith    .   a - +0 robe
rPois    .         Spirit   .   (no helmet)
rElec    .         Reflect  .   (no cloak)
rCorr    .         Harm     .   (no gloves)
MR       .....                  (no boots)
Stlth    ++........             (no amulet)
HPRegen  0.06/turn              (no ring)
MPRegen  0.09/turn              (no ring)

@: no status effects
A: no striking features
a: no special abilities


You were on level 1 of the Dungeon.
You were not hungry.

You visited 1 branch of the dungeon, and saw 1 of its levels.

You collected 25 gold pieces.

Inventory:

Hand Weapons
 d - a +0 dagger (weapon)
Armour
 a - a +0 robe (worn)
Books
 b - a book of Flames

   Spells                             Type                      Level
   a - Flame Tongue                   Conjuration/Fire             1
   b - Throw Flame                    Conjuration/Fire             2
   c - Conjure Flame                  Conjuration/Fire             3
   d - Inner Flame                    Hexes/Fire                   3
   e - Sticky Flame                   Conjuration/Fire             4
   f - Fireball                       Conjuration/Fire             5
Comestibles
 c - a ration


   Skills:
 + Level 1.5 Dodging
 + Level 1.5 Stealth
 + Level 1.6 Spellcasting
 + Level 1.0 Conjurations
 + Level 4.1 Fire Magic


You had one spell level left.
You knew the following spells:

 Your Spells              Type           Power        Failure   Level  Hunger
a - Flame Tongue          Conj/Fire      #....        9%          1    ##.....
b - Throw Flame           Conj/Fire      #.....       12%         2    ###....


Dungeon Overview and Level Annotations

Branches:
Dungeon (1/15)

Altars:


Message History

The gnoll is moderately wounded.
The gnoll misses you.
Casting: Flame Tongue
Confirm with . or Enter, or press ? or * to list all spells.
Aiming: Flame Tongue
Press: ? - help, Shift-Dir - straight line, f - gnoll
Aim: a gnoll (moderately wounded)
The flame tongue misses the gnoll.
The flame tongue hits the rat.
The rat is severely wounded.
The gnoll hits you.
* * * LOW HITPOINT WARNING * * *
Casting: Flame Tongue
Confirm with . or Enter, or press ? or * to list all spells.
Aiming: Flame Tongue
Press: ? - help, Shift-Dir - straight line, f/p - gnoll
Aim: a gnoll (moderately wounded)
The flame tongue hits the gnoll.
The gnoll is moderately wounded.
The gnoll hits you!
You die...

#....§≈≈.##......
#.....##.....≈.###.....^
#.....##...).≈.##....... ##
#.....##.....≈.##'######
...##.....##.....≈...§§§....
#........##.....≈≈§≈§.≈§≈≈≈
#......r.##........§§§≈..§§
#........############.#####
#.......rg@...##.......#
#........####.##.#####.#
#....##### #.##.# .# #....
#.##.# .. #... #.##.# ###
#... #....# #.. ###### #..


You could see a gnoll and 2 rats.

Vanquished Creatures
  2 oozes (D:1)
  A goblin (D:1)
  A kobold (D:1)
  A rat (D:1)
5 creatures vanquished.

Notes
Turn   | Place    | Note
-------+----------+-------------------------------------------
     0 | D:1      | sagitran the Hill Orc Fire Elementalist began the quest for the Orb.
     0 | D:1      | Reached XP level 1. HP: 14/14 MP: 3/3
    61 | D:1      | Reached XP level 2. HP: 10/20 MP: 4/4
    65 | D:1      | Learned a level 2 spell: Throw Flame
    80 | D:1      | Reached skill level 4 in Fire Magic
   300 | D:1      | Slain by a gnoll

Vault maps used:
D:1:      erik_arrival_gehennom

Skill      XL: |  1  2 |
---------------+-------+-----
Fire Magic     | 4 |  4.1
Dodging        | |  1.5
Stealth        | |  1.5
Spellcasting   | |  1.6
Conjurations   | |  1.0

Action                   || total
-------------------------++-------
Melee: Dagger            ||    21
       Unarmed           ||     1
 Cast: Flame Tongue      ||     4
 Stab: Sleeping          ||     1
Armor: Robe              ||     3
Dodge: Dodged            ||    13

Table legend:
 A = Spawn XP
 B = Non-spawn XP
 C = Spawn XP percentage of total XP
 D = Spawn monster count
 E = Non-spawn monster count
 F = Spawn count percentage of total count
 G = Total turns spent on level
                    A         B        C        D         E        F      G
               +---------+---------+-------+---------+---------+-------+---------
         Total |       0 |      20 |   0.0 |       0 |       5 |   0.0 |   300
               +---------+---------+-------+---------+---------+-------+---------
           D:1 |       0 |      20 |   0.0 |       0 |       5 |   0.0 |   300
               +---------+---------+-------+---------+---------+-------+---------
